 Dungeon Crawl Stone Soup version 0.27-a0-1391-g48c30b3128 (webtiles) character file.

Game seed: 6081529624238690854

4106 Froggeryz the Slicer (level 10, -2/102 HPs)
             Began as an Octopode Berserker on July 1, 2021.
             Was an Elder of Trog.
             Slain by an orc knight (29 damage)
             ... in a bailey.
             The game lasted 00:10:23 (7999 turns).

Froggeryz the Slicer (Octopode Berserker)           Turns: 7999, Time: 00:10:24

Health: -2/102     AC:  5    Str: 17    XL:     10   Next: 26%
Magic:  19/19      EV: 15    Int: 10    God:    Trog [****..]
Gold:   283        SH:  0    Dex: 14    Spells: 9/9 levels left

rFire    . . .     SeeInvis .   a - +0 short sword
rCold    . . .     Faith    .   (no shield)
rNeg     . . .     Spirit   .   (helmet restricted)
rPois    .         Reflect  .   (no amulet)
rElec    .         Harm     .   m - ring of magical power
rCorr    .         Rampage  .   l - +4 ring of protection
Will     .....                  o - ring of flight
Stlth    ..........             (no ring)
HPRegen  0.27/turn              (no ring)
MPRegen  0.16/turn              (no ring)
                                (no ring)
                                (no ring)

@: berserking, flying, very quick
A: almost no armour, amphibious, 8 rings, camouflage 1, gelatinous body 1,
nimble swimmer 1, tentacles
a: Renounce Religion, Berserk, Trog's Hand, Brothers in Arms


You were in a bailey.
You worshipped Trog.
Trog was greatly pleased with you.
You visited 1 branch of the dungeon, and saw 8 of its levels.
You also visited: Bailey.

You collected 427 gold pieces.
You spent 144 gold pieces at shops.

Inventory:

Hand Weapons
 a - a +0 short sword (weapon)
Missiles
 t - 3 curare-tipped darts
 u - 21 poisoned darts (quivered)
 y - a throwing net
Jewellery
 l - a +4 ring of protection (right tentacle)
 m - a ring of magical power (left tentacle)
 o - a ring of flight (on tentacle)
 D - a ring of protection from fire
 E - a ring of magical power
Wands
 r - a wand of charming (2)
 v - a wand of flame (13)
 A - a wand of iceblast (8)
Scrolls
 b - 2 scrolls of enchant weapon {unknown}
 c - 10 scrolls of identify {unknown}
 d - a scroll of noise {unknown}
 g - a scroll of acquirement {unknown}
 i - 3 scrolls of amnesia {unknown}
 j - a scroll of fear {unknown}
 p - 2 scrolls of teleportation {unknown}
 s - a scroll of vulnerability {unknown}
 w - a scroll of holy word {unknown}
 x - a scroll of brand weapon {unknown}
 B - 2 scrolls of blinking {unknown}
 C - a scroll of fog {unknown}
Potions
 e - a potion of brilliance {unknown}
 f - 2 potions of cancellation {unknown}
 h - 3 potions of lignification {unknown}
 k - 2 potions of might {unknown}
 n - 3 potions of heal wounds {unknown}
 q - 4 potions of mutation {unknown}
 z - a potion of berserk rage {unknown}
 F - 2 potions of curing {unknown}
 G - a potion of flight {unknown}


   Skills:
 + Level 5.9 Fighting
 - Level 10.0 Short Blades
 + Level 4.8 Throwing
 + Level 6.0 Dodging
 - Level 9.2 Stealth


You had 9 spell levels left.
You didn't know any spells.
Your spell library was empty.

Dungeon Overview and Level Annotations

Branches:
Dungeon (8/15)             Temple (0/1) D:5          Bailey (1/1)
   Lair: D:8-11

Altars:
Elyvilon
Gozag
Makhleb
Okawaru
Sif Muna
Uskayaw
Vehumet
Yredelemnul
Zin
The Shining One

Shops:
D:3 *   D:7 (=:


Innate Abilities, Weirdness & Mutations

You cannot wear most types of armour.
You are amphibious.
You can wear up to eight rings at the same time.
Your skin changes colour to match your surroundings (Stealth+).
Your rubbery body absorbs attacks. (AC +1, EV +1)
You are camouflaged near water. (Stealth+)
You have tentacles for arms and can constrict up to eight enemies at once.


Message History

You throw a poisoned dart. The poisoned dart hits the orc warrior.
The orc warrior is almost dead.
You kill the orc warrior!
Trog accepts your kill.
Your Dodging skill increases to level 6!
You reach down and open the door.
There is an open door here.
You reach down and open the door.
An orc knight comes into view. It is wielding a +0 halberd.
There is an open door here.
The orc knight shouts!
The orc knight hits you from afar with a +0 halberd!!
There is an open door here.
Okay, then.
There is an open door here.
The orc knight misses you.
A red film seems to cover your vision as you go berserk!
You feel yourself moving faster!
You feel mighty!
The orc knight hits you with a +0 halberd!!
You puncture the orc knight! You grab the orc knight.
You squeeze the orc knight.
The orc knight is lightly wounded.
You constrict the orc knight.
The orc knight hits you with a +0 halberd!
You puncture the orc knight! You squeeze the orc knight!
The orc knight is heavily wounded.
You constrict the orc knight. You hit the orc knight.
The orc knight is severely wounded.
You constrict the orc knight.
The orc knight hits you with a +0 halberd!!
* * * LOW HITPOINT WARNING * * *
You puncture the orc knight!
The orc knight is almost dead.
You constrict the orc knight. You puncture the orc knight!
The orc knight is almost dead.
You constrict the orc knight, but do no damage.
The orc knight hits you with a +0 halberd!!
You die...

§§..§≈..##.##.)≈≈.#
.⌠.§§≈≈..#'#..≈≈.##
⌠∩⌠§§≈§..#'#..≈≈.∩#
(..)≈≈..##.##.)≈≈.#
≈≈≈§≈..##..)##..≈.#
......##.....##)≈.#
#'###'#########.≈.#
....##.........o≈.#
.∩.##).≈≈≈≈≈≈≈≈≈@.#
#.##).≈≈..........#
###..≈≈..##########
).).≈≈..##
≈≈≈≈≈..## ......##
#######


You could see an orc knight.

Vanquished Creatures
  A two-headed ogre (D:8)
  A komodo dragon (D:7)
  2 water moccasins
  2 black bears (D:6)
  2 orc warriors (Bailey)
  3 necrophages
  2 sky beasts
  4 ogres
  A phantom (D:6)
  A bullfrog (D:8)
  A gnoll sergeant (D:4)
  A water moccasin zombie (D:6)
  A scorpion (D:4)
  A howler monkey (D:6)
  A crimson imp (D:4)
  A bullfrog zombie (D:6)
  2 hounds (D:4)
  3 orc priests
  A gnoll shaman (D:7)
  5 jellies
  3 bullfrog skeletons
  A centaur skeleton (D:5)
  4 orc wizards
  3 iguanas
  A killer bee zombie (D:7)
  2 hound skeletons
  A howler monkey zombie (D:7)
  6 adders
  7 gnolls
  An ufetubus (D:6)
  A worm (D:2)
  A dart slug (D:1)
  26 orcs
  8 bats
  7 endoplasms
  2 giant cockroaches
  8 goblins
  7 hobgoblins
  10 jackals
  7 kobolds
  7 quokkas
  10 ball pythons
  5 frilled lizards
  5 rats
169 creatures vanquished.

Vanquished Creatures (collateral kills)
  An orc knight (Bailey)
  An orc warrior (Bailey)
2 creatures vanquished.

Grand Total: 171 creatures vanquished

Notes
Turn   | Place    | Note
-------+----------+-------------------------------------------
     0 | D:1      | Froggeryz the Octopode Berserker began the quest for the
                  | Orb.
     0 | D:1      | Reached XP level 1. HP: 16/16 MP: 1/1
   139 | D:1      | Reached skill level 1 in Stealth
   247 | D:1      | Reached XP level 2. HP: 18/21 MP: 2/2
   364 | D:1      | Reached XP level 3. HP: 15/26 MP: 3/3
   434 | D:1      | Reached ** piety under Trog
   873 | D:1      | Reached skill level 4 in Short Blades
  1567 | D:2      | Reached XP level 4. HP: 30/31 MP: 4/4
  2514 | D:3      | Reached XP level 5. HP: 33/36 MP: 5/5
  2685 | D:3      | Reached *** piety under Trog
  2752 | D:3      | Reached skill level 5 in Short Blades
  2758 | D:3      | Found Poggilum's Assorted Antiques.
  2788 | D:3      | Bought a large bone ring for 120 gold pieces
  2788 | D:3      | Bought a scroll labelled LIERGHU RIZA for 24 gold pieces
  2864 | D:3      | Found a basalt altar of Yredelemnul.
  2866 | D:3      | Found a hide-covered altar of Uskayaw.
  2870 | D:3      | Found a shimmering blue altar of Sif Muna.
  2873 | D:3      | Found an opulent altar of Gozag.
  3110 | D:4      | Reached XP level 6. HP: 42/42 MP: 6/6
  3116 | D:4      | Reached skill level 6 in Short Blades
  3344 | D:4      | Reached skill level 5 in Stealth
  3571 | D:4      | Noticed a necrophage
  3583 | D:4      | Killed a necrophage
  3584 | D:4      | Reached XP level 7. HP: 44/46 MP: 7/7
  3872 | D:4      | Found a radiant altar of Vehumet.
  3875 | D:4      | Found a burning altar of Makhleb.
  4021 | D:5      | Entered Level 5 of the Dungeon
  4043 | D:5      | Reached skill level 7 in Short Blades
  4076 | D:5      | Found a staircase to the Ecumenical Temple.
  4155 | D:5      | Reached XP level 8. HP: 45/52 MP: 8/8
  4172 | D:5      | Reached skill level 8 in Short Blades
  4384 | D:5      | Found a white marble altar of Elyvilon.
  4384 | D:5      | Found a glowing silver altar of Zin.
  4384 | D:5      | Found a glowing golden altar of the Shining One.
  4606 | D:6      | Reached **** piety under Trog
  4817 | D:6      | Reached skill level 9 in Short Blades
  5668 | D:6      | Reached XP level 9. HP: 56/56 MP: 9/9
  5683 | D:7      | Found Vivyluz's Jewellery Emporium.
  5685 | D:7      | Reached skill level 10 in Short Blades
  5698 | D:7      | Noticed a komodo dragon
  5712 | D:7      | Killed a komodo dragon
  5713 | D:7      | Reached skill level 1 in Throwing
  5869 | D:7      | Found Postroas's Book Shoppe.
  6471 | D:7      | Found Zococ's Weapon Boutique.
  6843 | D:7      | Found an iron altar of Okawaru.
  6991 | D:8      | Noticed a two-headed ogre
  7020 | D:8      | Killed a two-headed ogre
  7021 | D:8      | Reached skill level 5 in Fighting
  7021 | D:8      | Reached skill level 5 in Dodging
  7021 | D:8      | Reached XP level 10. HP: 36/66 MP: 10/10
  7411 | D:8      | Found a flagged portal.
  7420 | Bailey   | Entered a bailey
  7733 | Bailey   | Noticed an orc knight
  7740 | Bailey   | Killed an orc knight
  7964 | Bailey   | Noticed an orc knight
  7999 | Bailey   | Slain by an orc knight

Illustrated notes

Levels and vault maps discovered:
D:1:      minmay_arrival_four_circles, layout_loops_corners, minmay_hexomino_c4
D:2:      layout_basic
D:3:      layout_rooms, minitemple, serial_shops, nicolae_shop_trees,
          dk_noncrumbling_3
D:4:      layout_cave_pools, grunt_temple_overflow_lords_of_destruction,
          hangedman_glass_teeth
D:5:      layout_rooms, good_gods_mini_temple,
          minmay_temple_entry_statues_fountains
D:6:      layout_loops_corners, minmay_misc_feat_tiny, serial_bayou_pond_d,
          minmay_liquid_box, st_stairs_3
D:7:      layout_cave_pools, okawaru_gym_becter, serial_shops,
          nicolae_shop_stone, nicolae_shop_window_shopping, kennysheep_mini_moat
D:8:      layout_basic, enter_bailey_1
Bailey:   bailey_polearm_1, bailey

Skill      XL: |  1  2  3  4  5  6  7  8  9 10 |
---------------+-------------------------------+-----
Stealth        | 1 2 3 4 5 7 9 |  9.2
Short Blades   | 4 5 6 7 9 10 | 10.0
Throwing       | 4 |  4.8
Dodging        | 5 6 |  6.0
Fighting       | 5 |  5.9

Action                   |  1- 3 |  4- 6 |  7- 9 | 10-12 || total
-------------------------+-------+-------+-------+-------++-------
Melee: Short sword       |    99 |   115 |   161 |    58 ||   433
       Tentacles         |    20 |    22 |    37 |    16 ||    95
       Constrict         |    25 |    23 |    29 |    12 ||    89
Throw: Dart              |       |       |       |     6 ||     6
Invok: Berserk           |     1 |     1 |     5 |     3 ||    10
       Trog's Hand       |       |       |       |     1 ||     1
Evoke: Wand              |       |       |       |    13 ||    13
 Stab: Sleeping          |     6 |     9 |    20 |     4 ||    39
       Distracted        |     1 |       |     1 |       ||     2
Armor: Skin              |     6 |    23 |    18 |    11 ||    58
Dodge: Dodged            |    51 |    71 |    59 |    26 ||   207

Table legend: (Time is in decaauts)
 A = Elapsed time spent in this place.
 B = Non-inter-level travel time spent in this place.
 C = Inter-level travel time spent in this place.
 D = Time resting spent in this place.
 E = Time spent auto-exploring this place.
 F = Levels seen in this place.
 G = Mean time per level.
                   A        B        C        D        E       F      G
               +--------+--------+--------+--------+--------+-----+--------+
         Total |   7970 |   7838 |    132 |   1207 |   5112 |   9 |  885.6 |
       Dungeon |   7399 |   7267 |    132 |    922 |   5070 |   8 |  924.9 |
        Bailey |    570 |    570 |      0 |    284 |     42 |   1 |  570.0 |
               +--------+--------+--------+--------+--------+-----+--------+

Top non-repeatable levels by time:
     D:6: 1458 daAuts
     D:1: 1413 daAuts
     D:2: 1055 daAuts
     D:4: 994 daAuts
     D:7: 861 daAuts
     D:5: 622 daAuts
  Bailey: 570 daAuts
     D:3: 546 daAuts
     D:8: 446 daAuts
